 Dungeon Crawl Stone Soup version 0.23-a0-29-g1be82e5 (webtiles) character file.

239 Gruud the Grave Robber (level 5, -4/35 HPs)
             Began as a Demonspawn Necromancer on Aug 3, 2018.
             Killed by nerve-wracking pain
             ... invoked by a shadow imp
              (9 damage)
             ... on level 5 of the Dungeon.
             The game lasted 00:13:28 (3040 turns).

Gruud the Grave Robber (Demonspawn Necromancer)     Turns: 3040, Time: 00:13:29

Health: -4/35      AC:  6    Str: 10    XL:     5   Next: 79%
Magic:  0/8        EV: 13    Int: 16    God:
Gold:   177        SH:  0    Dex: 13    Spells: 3/8 levels left

rFire    . . .     SeeInvis .   m - +0 dagger
rCold    . . .     Gourm    .   (no shield)
rNeg     . . .     Faith    .   a - +0 robe
rPois    .         Spirit   +   (helmet restricted)
rElec    .         Reflect  .   j - +0 cloak
rCorr    .         Harm     .   g - +0 pair of gloves
MR       .....                  (no boots)
Stlth    +++.......             n - amulet of guardian spirit
HPRegen  0.11/turn              e - ring of flight
MPRegen  0.11/turn              (no ring)

@: no status effects
A: horns 1, molten scales 1, nightstalker 1, powered by pain 1
a: Evoke Flight


You were on level 5 of the Dungeon.
You were not hungry.

You visited 1 branch of the dungeon, and saw 5 of its levels.

You collected 177 gold pieces.

Inventory:

Hand Weapons
 d - a +0 whip
 l - a +0 hunting sling
 m - a +0 dagger (weapon)
Missiles
 q - 19 sling bullets
 u - 2 tomahawks (quivered)
Armour
 a - a +0 robe (worn)
 g - a +0 pair of gloves (worn)
 j - a +0 cloak (worn)
Jewellery
 e - a ring of flight (left hand)
 h - an uncursed amulet of the gourmand
 n - an amulet of guardian spirit (around neck)
Wands
 s - a wand of acid (4)
Scrolls
 b - 2 scrolls of remove curse
 f - a scroll of identify
 r - a scroll of noise
 t - a scroll of amnesia {unknown}
 v - a scroll of enchant armour {unknown}
Potions
 i - a potion of heal wounds
 k - a potion of might
 p - a potion of lignification
Comestibles
 c - 9 rations


   Skills:
 * Level 2.5 Short Blades
 + Level 2.5 Dodging
 * Level 3.5 Stealth
 - Level 1.1 Unarmed Combat
 - Level 2.0 Spellcasting
 - Level 5.3 Necromancy


You had 3 spell levels left.
You knew the following spells:

 Your Spells              Type           Power        Failure   Level  Hunger
a - Pain                  Necr           ###.         2%          1    #......
b - Animate Skeleton      Necr           N/A          2%          1    #......
c - Vampiric Draining     Necr           ###.......   7%          3    ###....

Your spell library contained the following spells:

 Spells                   Type           Power        Failure   Level  Hunger
 Animate Dead             Necr           N/A          22%         4    #####..
 Regeneration             Chrm/Necr      ##........   21%         3    ###....


Dungeon Overview and Level Annotations

Branches:
Dungeon (5/15)
 Temple: D:4-7

Altars:


Innate Abilities, Weirdness & Mutations

You have a pair of small horns on your head.
You are partially covered in molten scales. (AC +2)
You are slightly more attuned to the shadows.
You sometimes gain a little power by taking damage.


Message History

You hit the shadow imp.
The shadow imp is heavily wounded.
The shadow imp completely misses you.
You closely miss the shadow imp.
The shadow imp is heavily wounded.
The shadow imp hits you but does no damage.
Evoke which item? (* to show all) (? for menu, Esc to quit)
Aiming: Corrosive Bolt
Press: ? - help, Shift-Dir - straight line, f - shadow imp
Aim: a shadow imp (heavily wounded)
The bolt of acid misses the shadow imp.
The shadow imp hits you.
* * * LOW HITPOINT WARNING * * *
Evoke which item? (* to show all) (? for menu, Esc to quit)
Aiming: Corrosive Bolt
Press: ? - help, Shift-Dir - straight line, f/p - shadow imp
Aim: a shadow imp (heavily wounded)
The bolt of acid misses the shadow imp.
The shadow imp gestures at you. Pain shoots through your body!
You die...

.. #..# #### ##....
..... ####......
.....######.......#
..?..............#
.....#....@5....#
...........##..####
####..##..##.....#
#.........###...
....##.....# ##
#.#..#..###....
.......... ...###
####....### ##...
#.... ....


You could see a shadow imp.

Vanquished Creatures
  An ogre (D:4)
  An iguana (D:4)
  5 adders (D:2)
  A worm (D:2)
  5 leopard geckos
  6 orcs (D:3)
  7 bats
  4 giant cockroaches
  5 goblins
  6 hobgoblins
  2 ball pythons
  4 frilled lizards
  6 kobolds
  9 rats
62 creatures vanquished.

Vanquished Creatures (collateral kills)
  An adder (D:2)
  A bat (D:2)
  2 goblins (D:2)
4 creatures vanquished.

Grand Total: 66 creatures vanquished

Notes
Turn   | Place    | Note
-------+----------+-------------------------------------------
     0 | D:1      | Gruud the Demonspawn Necromancer began the quest for the Orb.
     0 | D:1      | Reached XP level 1. HP: 13/13 MP: 3/3
    45 | D:1      | Learned a level 1 spell: Animate Skeleton
   228 | D:1      | Gained mutation: You have a pair of small horns on your head. [demonic ancestry]
   228 | D:1      | Reached XP level 2. HP: 4/19 MP: 1/5
   486 | D:1      | Reached skill level 5 in Necromancy
  1003 | D:2      | Reached skill level 1 in Unarmed Combat
  1003 | D:2      | Gained mutation: You are slightly more attuned to the shadows. [demonic ancestry]
  1003 | D:2      | Reached XP level 3. HP: 22/24 MP: 1/6
  1082 | D:2      | Learned a level 3 spell: Vampiric Draining
  1303 | D:2      | Gained mutation: You sometimes gain a little power by taking damage. [demonic ancestry]
  1303 | D:2      | Reached XP level 4. HP: 30/30 MP: 5/7
  1375 | D:2      | Reached skill level 1 in Short Blades
  2755 | D:4      | Noticed an ogre
  2763 | D:4      | Killed an ogre
  2763 | D:4      | Gained mutation: You are partially covered in molten scales. (AC +2) [demonic ancestry]
  2763 | D:4      | Reached XP level 5. HP: 26/35 MP: 1/8
  2854 | D:5      | Entered Level 5 of the Dungeon
  2914 | D:4      | Noticed an eye of draining
  2915 | D:4      | Noticed a sky beast
  3040 | D:5      | Killed from afar by a shadow imp

Vault maps used:
D:1:      evilmike_arrival_plus, minmay_tromino_i2
D:2:      first_ration, hangedman_feature_mirror, eino_tiny_chamber
D:4:      minmay_snake_closets
D:5:      temple_fountains

Skill      XL: |  1  2  3  4 |
---------------+-------------+-----
Necromancy     | 5 |  5.3
Unarmed Combat | 1 |  1.1
Stealth        | 2 3 |  3.5
Dodging        | 2 |  2.5
Short Blades   | 2 |  2.5
Spellcasting   | |  2.0

Action                   |  1- 3 |  4- 6 || total
-------------------------+-------+-------++-------
Melee: Whip              |     8 |       ||     8
       Dagger            |    15 |   101 ||   116
       Headbutt          |     1 |    11 ||    12
 Cast: Pain              |    31 |    16 ||    47
       Animate Skeleton  |    11 |     4 ||    15
       Vampiric Draining |       |     2 ||     2
Evoke: Wand              |       |     5 ||     5
  Use: Scroll            |       |     6 ||     6
 Stab: Sleeping          |     3 |    14 ||    17
  Eat: Chunk             |     5 |     8 ||    13
Armor: Robe              |     9 |    21 ||    30
Dodge: Dodged            |    17 |    52 ||    69

Table legend:
 A = Spawn XP
 B = Non-spawn XP
 C = Spawn XP percentage of total XP
 D = Spawn monster count
 E = Non-spawn monster count
 F = Spawn count percentage of total count
 G = Total turns spent on level
                    A         B        C        D         E        F      G
               +---------+---------+-------+---------+---------+-------+---------
         Total |       0 |     342 |   0.0 |       0 |      66 |   0.0 |  3040
               +---------+---------+-------+---------+---------+-------+---------
           D:1 |       0 |      16 |   0.0 |       0 |      10 |   0.0 |   948
           D:2 |       0 |     111 |   0.0 |       0 |      27 |   0.0 |   957
           D:3 |       0 |      52 |   0.0 |       0 |      26 |   0.0 |   817
           D:4 |       0 |     163 |   0.0 |       0 |       3 |   0.0 |   290
               +---------+---------+-------+---------+---------+-------+---------
